Map: Central Protocol

Players

LiquidSnute (Snute) - Winner!

  • Race: Zerg Zerg
  • League: Grandmaster

Serral

  • Race: Zerg Zerg
  • League: Grandmaster

Event: 2016 WCS Winter Challenger Europe

VOD

Have the link to the VOD?

Description

Time

  • Played on: Feb. 13, 2016, 12:24 p.m.
  • Length: 28:39

All games in this series

Show
View Real Time Build Order
Export as new Build Order

LiquidSnute Zerg - Winner!

Build Orders: Pool First, Muta Ling Bane 

Get SALT Encoding   

  12  0:00  Drone  
  13  0:12  Overlord  
  13  0:17  Drone  
  14  0:30  Drone x2  
  14  0:34  Drone  
  17  0:44  Spawning Pool  
  17  0:48  Drone  
  17  0:56  Drone, Extractor  
  17  1:06  Drone  
  18  1:19  Hatchery  
  18  1:21  Drone  
  18  1:31  Queen  
  20  1:33  Zergling x2  
  21  1:40  Overlord  
  21  1:50  Drone  
  22  1:59  Baneling Nest  
  21  2:02  Zergling x2  
  21  2:07  Queen  
  24  2:11  Drone  
  25  2:21  Metabolic Boost  
  25  2:23  Drone  
  26  2:31  Drone  
  26  2:33  Drone  
  28  2:44  Baneling x2  
  30  2:47  Queen  
  30  2:48  Overlord  
  30  2:49  Drone  
  30  2:50  Drone  
  32  2:53  Drone  
  32  2:55  Drone  
  32  2:58  Drone  
  35  3:05  Zergling x4  
  36  3:11  Drone x3  
  39  3:16  Drone  
  39  3:17  Drone x2  
  42  3:24  Overlord  
  42  3:25  Drone  
  42  3:28  Drone  
  43  3:35  Lair  
  43  3:36  Extractor  
  43  3:37  Drone  
  43  3:38  Drone, Extractor  
  43  3:39  Extractor  
  42  3:41  Drone  
  43  3:49  Zergling x2  
  43  3:50  Drone  
  45  3:56  Drone x3  
  45  3:59  Drone  
  50  4:02  Drone  
  50  4:03  Drone x2  
  52  4:11  Overlord  
  52  4:14  Baneling x2  
  52  4:16  Overlord  
  52  4:30  Zergling x8  
  56  4:32  Drone x2  
  56  4:34  Spire, Zergling x4  
  56  4:37  Zergling x2  
  56  4:38  Queen  
  61  4:49  Overlord  
  61  4:55  Drone  
  62  5:03  Drone  
  62  5:04  Overlord, Drone  
  64  5:15  Evolution Chamber  
  64  5:21  Overlord  
  62  5:27  Hatchery  
  61  5:29  Overlord  
  61  5:40  Zerg Melee Weapons Level 1  
  61  5:42  Infestation Pit  
  60  5:48  Mutalisk x7  
  74  5:51  Mutalisk  
  76  6:04  Mutalisk  
  78  6:18  Hive  
  78  6:19  Extractor  
  78  6:21  Drone x9, Extractor  
  78  6:24  Drone  
  78  6:25  Drone x2  
  88  6:31  Overlord  
  88  6:38  Drone x2  
  90  6:42  Drone  
  91  7:01  Zergling x18  
  88  7:09  Zergling x2  
  88  7:15  Drone x2  
  88  7:19  Drone x2  
  88  7:20  Drone x2  
  88  7:21  Queen  
  94  7:23  Drone x2  
  94  7:29  Adrenal Glands  
  96  7:30  Ultralisk Cavern  
  96  7:34  Zerg Melee Weapons Level 2  
  95  7:41  Drone x4  
  99  7:58  Hatchery  
  99  8:05  Overlord x3  
  98  8:16  Chitinous Plating  
  98  8:18  Ultralisk x2  
  110  8:20  Mutalisk  
  110  8:21  Infestor  
  114  8:27  Ultralisk x2  
  114  8:33  Ultralisk  
  132  8:36  Extractor  
  132  8:38  Extractor  
  132  8:39  Overlord x3  
  130  8:45  Centrifical Hooks  
  130  8:54  Ultralisk  
  136  9:11  Ultralisk  
  136  9:12  Overlord x3  
  143  9:17  Drone x6  
  143  9:21  Ultralisk  
  160  9:31  Ultralisk  
  160  9:39  Evolution Chamber  
  160  9:41  Ultralisk  
  160  9:43  Overseer  
  165  9:46  Spore Crawler  
  165  9:47  Spore Crawler  
  165  9:49  Spore Crawler  
  165  9:50  Pneumatized Carapace  
  162  10:00  Ultralisk  
  166  10:10  Spore Crawler  
  162  10:17  Drone x11  
  170  10:21  Drone x2  
  170  10:22  Drone  
  170  10:25  Overseer  
  171  10:34  Drone x3  
  171  10:35  Drone x3  
  170  10:40  Spine Crawler  
  168  10:48  Ultralisk  
  174  10:53  Zerg Ground Armor Level 1  
  174  11:03  Infestor x2  
  174  11:04  Infestor  
  177  11:08  Zerg Melee Weapons Level 3  
  179  11:24  Hatchery  
  178  11:29  Ultralisk  
  184  11:35  Ultralisk  
  188  11:41  Zerg Flyer Weapons Level 1  
  186  11:50  Zergling x6  
  186  11:51  Zergling x8  
  192  12:01  Zergling x6  
  190  12:04  Drone  
  190  12:05  Overlord  
  190  12:15  Spore Crawler  
  186  12:38  Zergling x28  
  199  12:52  Overseer  
  122  13:20  Ultralisk x4  
  122  13:21  Ultralisk x2  
  122  13:24  Ultralisk  
  132  13:28  Zergling x8  
  136  13:38  Overseer  
  136  13:41  Ultralisk  
  142  13:51  Zerg Flyer Armor Level 1  
  141  14:06  Hatchery  
  140  14:10  Mutalisk  
  140  14:11  Mutalisk x5  
  152  14:19  Mutalisk  
  152  14:20  Mutalisk x2  
  158  14:25  Mutalisk  
  158  14:26  Mutalisk x2  
  163  14:32  Mutalisk x2  
  163  14:35  Mutalisk  
  169  14:43  Mutalisk x3  
  175  14:51  Mutalisk x3  
  181  14:54  Overlord  
  181  14:58  Mutalisk  
  182  15:10  Mutalisk x3  
  188  15:21  Mutalisk x2  
  188  15:22  Mutalisk x3  
  198  15:36  Drone  
  199  15:46  Spore Crawler  
  199  15:49  Zerg Flyer Armor Level 2  
  195  16:19  Spore Crawler  
  194  16:34  Mutalisk  
  194  16:35  Mutalisk  
  197  17:07  Mutalisk  
  197  17:08  Mutalisk x3  
  193  17:10  Zergling x2  
  193  17:14  Overlord x2  
  166  17:36  Mutalisk x14  
  160  17:38  Zergling x18  
  160  17:39  Zergling x16  
  177  17:49  Zergling x20  
  187  17:53  Zerg Ground Armor Level 2  
  184  18:00  Zergling x8  
  183  18:15  Ultralisk  
  185  18:32  Ultralisk  
  184  18:45  Queen x2  
  188  18:52  Zerg Flyer Weapons Level 2  
  188  18:59  Drone  
  188  19:00  Drone x2  
  188  19:02  Spore Crawler  
  190  19:10  Drone  
  191  19:17  Infestor x2  
  193  20:13  Extractor x2  
  191  20:19  Zergling x2  
  191  20:20  Zergling x16  
  182  20:53  Drone x2  
  182  20:54  Drone x4  
  188  21:07  Zergling x24  
  188  21:08  Zerg Flyer Armor Level 3  
  200  21:16  Hatchery, Overseer  
  200  21:17  Overseer  
  196  22:15  Hatchery  
  153  22:56  Ultralisk x6  
  176  23:00  Zergling x2  
  176  23:01  Zergling x38  
  196  23:22  Extractor  
  196  23:24  Extractor  
  196  23:27  Zergling x16  
  200  24:00  Burrow, Extractor x2  
  200  24:01  Drone x2  
  200  24:05  Spore Crawler  
  200  24:06  Spore Crawler x2  
  200  24:08  Spore Crawler  
  192  24:32  Drone x4  
  196  24:50  Overseer  
  184  25:23  Ultralisk  
  184  25:24  Ultralisk  
  195  25:30  Zergling x12  
  195  25:34  Zergling x4  
  175  26:47  Queen x4  
  175  26:48  Queen  
  175  27:09  Infestor x4  
  175  27:12  Zergling x18  
  175  27:13  Zergling x14  
  199  27:22  Queen  
  196  27:23  Queen x3  
  196  27:24  Infestor, Queen  
  188  27:43  Ultralisk x2  
  158  27:58  Queen x2  
Show
View Real Time Build Order
Export as new Build Order

Serral Zerg 

Build Orders: Pool First, Lurkers 

Get SALT Encoding   

  12  0:00  Drone  
  13  0:12  Overlord  
  13  0:17  Drone  
  14  0:31  Drone x2  
  14  0:35  Drone  
  17  0:40  Extractor  
  16  0:46  Drone  
  17  0:50  Spawning Pool  
  17  0:56  Drone  
  17  1:06  Drone  
  18  1:18  Drone  
  19  1:27  Hatchery  
  18  1:36  Queen  
  20  1:40  Metabolic Boost  
  20  1:46  Drone  
  21  1:50  Overlord  
  21  2:00  Baneling Nest  
  20  2:02  Zergling x2  
  20  2:04  Zergling x2  
  22  2:11  Zergling x2  
  23  2:17  Queen  
  23  2:22  Zergling x2  
  26  2:33  Drone  
  27  2:39  Zergling x2  
  27  2:42  Overlord  
  27  2:44  Drone x3  
  30  2:49  Drone  
  32  2:55  Drone  
  33  3:00  Drone  
  34  3:06  Drone  
  34  3:10  Baneling  
  34  3:12  Zergling x2  
  36  3:16  Overlord  
  36  3:20  Drone x2  
  36  3:22  Drone  
  37  3:27  Drone x2  
  37  3:28  Drone x2  
  37  3:30  Drone  
  37  3:32  Evolution Chamber  
  41  3:36  Overlord  
  41  3:40  Drone  
  40  3:52  Zergling x6  
  40  3:53  Drone x2  
  40  3:54  Extractor  
  43  3:58  Zerg Missile Weapons Level 1  
  43  4:00  Drone x2  
  43  4:02  Zergling x4  
  47  4:06  Roach Warren  
  46  4:10  Drone  
  46  4:13  Drone  
  47  4:17  Drone  
  48  4:25  Hatchery  
  48  4:27  Overlord  
  48  4:31  Extractor  
  46  4:32  Lair  
  46  4:34  Drone  
  46  4:36  Drone  
  46  4:38  Drone  
  49  4:39  Drone  
  50  4:50  Drone  
  50  4:51  Drone x3  
  53  4:56  Overlord  
  52  5:00  Queen  
  54  5:07  Zergling x10  
  54  5:08  Zergling x2  
  54  5:09  Baneling  
  60  5:19  Zergling x4  
  62  5:29  Drone  
  62  5:30  Drone x5  
  62  5:34  Queen  
  70  5:38  Pneumatized Carapace  
  70  5:40  Queen  
  72  5:45  Overlord  
  73  5:50  Drone x4  
  73  5:55  Overlord  
  73  5:56  Zerg Missile Weapons Level 2  
  76  5:58  Glial Reconstitution  
  76  6:00  Spore Crawler  
  76  6:01  Spore Crawler  
  76  6:04  Drone x4  
  77  6:09  Spore Crawler, Roach x2  
  81  6:14  Queen  
  83  6:20  Drone x3  
  83  6:21  Drone, Spore Crawler  
  83  6:23  Queen  
  88  6:30  Overlord x2  
  88  6:34  Spore Crawler  
  88  6:39  Overlord x2, Spore Crawler  
  86  6:41  Extractor, Spore Crawler  
  84  6:47  Overlord x2  
  84  6:48  Overlord  
  84  6:56  Drone x6  
  89  7:08  Drone x3  
  87  7:09  Drone  
  87  7:13  Hydralisk Den  
  82  7:15  Overlord  
  82  7:18  Drone x2, Infestation Pit  
  82  7:19  Extractor x2  
  82  7:20  Overlord  
  81  7:25  Roach  
  81  7:27  Tunneling Claws  
  83  7:33  Drone  
  83  7:34  Drone x2  
  86  7:42  Roach  
  86  7:43  Roach x4  
  96  7:48  Overlord  
  96  7:52  Lurker Den  
  96  7:59  Burrow  
  96  8:00  Hive  
  96  8:04  Hydralisk x2  
  96  8:05  Hydralisk x3  
  104  8:10  Overlord  
  106  8:13  Zerg Ground Armor Level 1  
  104  8:22  Roach x5  
  104  8:23  Roach  
  104  8:24  Zergling x2  
  104  8:25  Zergling x6  
  120  8:27  Overlord  
  120  8:32  Hydralisk x3  
  120  8:33  Overseer  
  126  8:52  Hydralisk x2  
  126  8:53  Hydralisk x3  
  126  8:54  Roach x2  
  126  8:55  Roach x6  
  152  9:05  Overlord  
  148  9:19  Lurker x7  
  148  9:20  Spore Crawler  
  148  9:22  Spine Crawler  
  148  9:23  Spine Crawler x3  
  150  9:24  Drone  
  150  9:25  Spore Crawler x2  
  150  9:26  Drone  
  150  9:28  Spine Crawler, Drone  
  150  9:29  Drone  
  150  9:31  Spine Crawler, Drone x2  
  152  9:34  Drone  
  153  9:43  Roach x5  
  153  9:47  Spire, Roach x4  
  153  9:52  Roach  
  154  9:53  Roach x6  
  154  9:54  Roach x3  
  154  9:56  Roach x8  
  154  9:57  Roach x4  
  166  10:00  Overlord  
  166  10:01  Overlord  
  166  10:02  Overlord  
  166  10:10  Roach x7  
  148  10:25  Roach  
  148  10:26  Roach x12  
  162  10:37  Roach x3  
  162  10:43  Overlord  
  156  10:54  Zergling x2  
  156  10:55  Zergling x18  
  166  11:01  Hatchery  
  166  11:02  Zerg Flyer Armor Level 1  
  159  11:14  Drone x2  
  161  11:19  Spore Crawler  
  161  11:22  Drone x5  
  165  11:28  Spore Crawler x2  
  165  11:30  Spore Crawler x2  
  155  12:17  Hydralisk x2  
  155  12:18  Hydralisk x3  
  155  12:20  Lurker x2  
  155  12:21  Hatchery, Lurker  
  167  12:39  Spore Crawler  
  165  12:51  Spine Crawler x2  
  164  12:54  Spine Crawler  
  162  13:01  Zerg Flyer Armor Level 2  
  162  13:09  Mutalisk x9  
  162  13:10  Mutalisk x12  
  151  13:29  Drone x5  
  156  13:37  Mutalisk  
  156  13:38  Mutalisk x4  
  166  13:45  Queen  
  168  13:52  Zerg Melee Weapons Level 1  
  168  13:53  Overlord  
  168  13:54  Roach x7  
  166  13:56  Spore Crawler  
  166  13:57  Extractor  
  166  13:58  Extractor  
  166  14:00  Evolution Chamber  
  162  14:07  Mutalisk  
  163  14:17  Hatchery  
  162  14:28  Zerg Ground Armor Level 2  
  162  14:34  Mutalisk x4  
  170  14:39  Zergling x8  
  160  14:55  Drone  
  160  14:56  Drone x2  
  163  15:00  Spine Crawler  
  163  15:01  Spine Crawler x2  
  163  15:02  Spore Crawler  
  163  15:03  Spore Crawler  
  158  15:08  Mutalisk x3  
  164  15:24  Hatchery  
  163  15:32  Spire  
  163  15:33  Zerg Flyer Weapons Level 1  
  162  15:37  Lurker x2  
  162  15:42  Adrenal Glands  
  164  15:51  Mutalisk  
  164  15:52  Mutalisk  
  164  15:54  Zergling x4  
  170  16:03  Spore Crawler  
  165  16:04  Spore Crawler  
  164  16:16  Viper x2  
  168  16:19  Zergling x2  
  168  16:20  Zergling x22  
  178  16:40  Viper x2  
  178  16:42  Hatchery  
  155  17:09  Mutalisk x4  
  106  17:44  Viper x2  
  110  18:05  Hatchery  
  98  18:32  Viper  
  101  18:36  Hatchery  
  100  19:02  Drone x2  
  102  19:03  Drone x2  
  96  19:32  Mutalisk x2  
  100  19:48  Drone  
  101  20:11  Drone x3  
  101  20:12  Extractor x2  
  102  20:17  Queen  
  102  20:18  Drone  
  100  20:53  Mutalisk x5  
  110  20:58  Drone  
  110  21:02  Drone  
  112  21:15  Zerg Flyer Weapons Level 2  
  112  21:21  Drone  
  113  21:54  Zergling x2  
  113  21:55  Zergling x16  
  122  22:05  Viper  
  122  22:06  Viper  
  128  22:26  Viper x2  
  110  22:55  Drone x5  
  110  22:56  Drone x2  
  110  22:57  Drone x2  
  110  22:58  Drone x3  
  115  23:06  Drone  
  115  23:10  Drone  
  117  23:39  Hatchery  
  116  23:47  Zergling x4  
  118  24:07  Mutalisk x4  
  126  24:22  Hatchery, Zergling x6  
  126  24:31  Zergling x4  
  126  24:32  Zergling x4  
  130  24:51  Baneling  
  130  24:54  Zergling x8  
  130  24:55  Zergling x6  
  135  25:08  Spawning Pool  
  131  25:26  Mutalisk x2  
  125  25:54  Spawning Pool  
  124  26:07  Mutalisk x3  
  128  26:47  Zergling x16  
  130  26:48  Zergling x2  
  134  27:12  Mutalisk  
  134  27:13  Mutalisk x3  
  140  27:34  Drone x4  
  144  27:40  Drone x2  
  136  27:46  Drone x2  
  134  27:59  Queen x2  
  138  28:08  Zergling x6  
  141  28:13  Zergling x2  
Tags
 
Add a new tag
Caveats
  • Supply blocks, unpowered buildings, or Contaminate may cause inaccurate times.
  • Supply counts are checked every 10 seconds.